 Dungeon Crawl Stone Soup version 0.30.0-11-gf55b779eaf (webtiles) character file.

Game seed: 543066963713949849

3 Firecrotchwizard the Chopper (level 1, -3/20 HPs)
             Began as a Hill Orc Monk on May 17, 2023.
             Slain by a worm (6 damage)
             ... on level 2 of the Dungeon.
             The game lasted 00:00:18 (35 turns).

Firecrotchwizard the Chopper (Hill Orc Monk)          Turns: 35, Time: 00:00:19

Health: -3/20      AC:  2    Str: 13    XL:     1   Next: 50%
Magic:  1/1        EV: 12    Int: 10    God:
Gold:   16         SH:  0    Dex: 13    Spells: 0/0 levels left

rFire   . . .        a - +0 hand axe
rCold   . . .        d - orb {light}
rNeg    . . .        b - +0 robe
rPois   .            (no helmet)
rElec   .            (no cloak)
rCorr   .            (no gloves)
SInv    .            (no boots)
Will    .....        (no amulet)
Stlth   +            (no ring)
HPRegen 0.23/turn    (no ring)
MPRegen 0.07/turn

%: no passive effects
@: glowing
A: no striking features
a: no special abilities


You were on level 2 of the Dungeon.
You visited 1 branch of the dungeon, and saw 2 of its levels.

You collected 16 gold pieces.

Inventory:

Hand Weapons
 a - a +0 hand axe (weapon)
Armour
 b - a +0 robe (worn)
 d - an orb of light (worn)
Potions
 c - a potion of ambrosia


   Skills:
 + Level 3.7 Fighting
 * Level 4.2 Axes
 + Level 0.2 Armour
 - Level 2.4 Dodging


You couldn't memorise any spells.
You didn't know any spells.
Your spell library was empty.

Dungeon Overview and Level Annotations

Branches:
Dungeon (2/15)

Altars:


Message History

Lua error: /dgldir/rcfiles/crawl-0.30/Firecrotchwizard.rc:334: '' expected near 'end' Welcome, Firecrotchwizard the Hill Orc Monk.
Everyone else who sought the Orb of Zot has failed.
Will you be different?
Press ? for a list of commands and other information.
Found 16 gold pieces.
Found two stairs.
You now have 16 gold pieces.
A hobgoblin comes into view.
Found a stone staircase leading down.
The hobgoblin misses you.
You hit the hobgoblin.
You kill the hobgoblin!
No target in view!
(D) Dungeon
Where to? (? - help)
A kobold comes into view. It is wielding a +0 club.
The kobold shouts!
You see here a hobgoblin corpse.
The kobold misses you.
You barely miss the kobold. The kobold hits you with a +0 club.
You hit the kobold.
You kill the kobold!
A quokka comes into view.
You hit the quokka.
The quokka is heavily wounded.
The quokka bites you. The quokka barely misses you.
You hit the quokka.
You kill the quokka!
No target in view!
(D) Dungeon
Where to? (Enter - D:2, ? - help) HP restored.
There is a stone staircase leading down here.
You climb downwards.
There is a stone staircase leading up here.
Found a short sword.
A worm comes into view.
Found a stone staircase leading up.
A frilled lizard comes into view.
The frilled lizard hisses angrily.
The frilled lizard moves out of view.
Found a Young Poisoner's Handbook.
Found a falchion.
You hit the worm.
The worm is lightly wounded.
You hit the worm.
The worm is lightly wounded.
The worm bites you!
Ouch! That really hurt!
* * * LOW HITPOINT WARNING * * *
You are too injured to fight recklessly!
You are too injured to fight recklessly!
Unknown command.
You hit the worm.
The worm is heavily wounded.
The worm bites you!
* * * LOW HITPOINT WARNING * * *
You hit the worm.
The worm is heavily wounded.
You hit the frilled lizard.
You kill the frilled lizard!
The worm bites you.
You die...

)...#+#+###.
###..........
#........# #
#..<.....# .##+#.
#..#.#...# ......
#....#...###......
##.....$..........
##....##.........
###...+.@†....:.
#.###.w...<... ###
##.......)
##.##.... .. ...
### .. .


You could see a worm.

Vanquished Creatures
  A hobgoblin (D:1)
  A quokka (D:1)
  A frilled lizard (D:2)
  A kobold (D:1)
4 creatures vanquished.

Notes
Turn   | Place    | Note
-------+----------+-------------------------------------------
     0 | D:1      | Firecrotchwizard the Hill Orc Monk began the quest for the
                  | Orb.
     0 | D:1      | Reached XP level 1. HP: 19/19 MP: 1/1
    35 | D:2      | Slain by a worm

Illustrated notes

Levels and vault maps discovered:
D:1:      dpeg_arrival_stonehenge_8_columns, layout_basic,
          ebering_ecumenical_altar_rust
D:2:      layout_basic, uniq_sigmund

Action                     || total
---------------------------++-------
  Melee: Hand axe          ||     9
  Dodge: Dodged            ||     3
